AoeStats
← Adams1491

Black Forest

508418523Analyzed
4v4 RM · 11d ago on Sep 22, 2026· 51m 9s· 8 players
Game mode
Random Map
Map size
Large (8 player)
Population
200
Speed
Normal
Resources
Standard
Victory
Conquest
Starting age
Dark Age
Ending age
Imperial Age
RankedLock teamsTeams togetherTeam positionsShared explorationLock speedFull tech treeHidden civsTurbo modeCheats
Victory
Defeat
🇹🇼 Bohemians · Taiwan
1408
+15
🇲🇽 Portuguese · Mexico
1396
+15
🇦🇷 Persians · Argentina
1392
+16
🇨🇿 Koreans · Czechia
1366
+17
🇰🇷 Bohemians · South Korea
1436
-17
🇰🇷 Britons · South Korea
1432
-18
🇯🇵 Mongols · Japan
1382
-16
🇰🇷 Khmer · South Korea
1288
-12
べにいろもみじ
0:26 Loom
11:05 Feudal Age
15:51 Castle Age
14:42 Fishing Lines
15:12 Double-Bit Axe
19:15 Gillnets
22:33 Wheelbarrow
24:54 Hand Cart
25:34 Caravan
26:01 Bow Saw
25:32 Horse Collar
31:03 Imperial Age
29:23 Fletching
29:34 Padded Archer Armor
30:05 Bodkin Arrow
31:09 Leather Archer Armor
32:25 Onager
34:08 Chemistry
33:56 Ballistics
34:12 Bracer
35:06 Conscription
35:55 Elite Mangudai
40:12 Scale Barding Armor
40:18 Forging
39:40 Siege Onager
40:58 Cavalier
41:42 Husbandry
42:09 Parthian Tactics
41:49 Thumb Ring
42:29 Pikeman
43:09 Squires
43:11 Scale Mail Armor
43:46 Iron Casting
44:31 Chain Mail Armor
46:34 Plate Mail Armor
47:06 Blast Furnace
Gustavsson
2:08 Loom
12:06 Feudal Age
19:13 Castle Age
17:03 Horse Collar
17:10 Double-Bit Axe
18:39 Gold Mining
18:45 Stone Mining
20:19 Heavy Plow
20:30 Bow Saw
24:51 Wheelbarrow
24:14 Fishing Lines
31:32 Imperial Age
30:56 Hand Cart
33:00 Bloodlines
33:04 Husbandry
33:38 Conscription
33:38 Scale Barding Armor
32:59 Elite Battle Elephant
35:31 Gold Shaft Mining
35:35 Stone Shaft Mining
35:32 Conscription
37:28 Forging
BaniWang
0:36 Loom
11:21 Feudal Age
12:07 Double-Bit Axe
18:11 Castle Age
16:43 Horse Collar
17:08 Fishing Lines
20:02 Fervor
19:57 Gillnets
21:19 Wheelbarrow
21:45 Bow Saw
21:48 Heavy Plow
24:46 Fletching
33:21 Imperial Age
32:29 Chemistry
31:13 Treadmill Crane
31:20 Town Watch
32:28 Hand Cart
33:17 Pikeman
33:58 Squires
34:01 Scale Mail Armor
35:06 Two-Man Saw
34:11 Halberdier
36:55 Wagenburg Tactics
37:10 Conscription
36:59 Houfnice
40:56 Siege Engineers
41:54 Chain Mail Armor
41:57 Masonry
42:11 Ballistics
44:06 Masonry
44:14 Chain Mail Armor
44:10 Forging
45:29 Plate Mail Armor
47:28 Iron Casting
50:11 Blast Furnace
48:48 Man-at-Arms
49:15 Arson
49:26 Long Swordsman
남조선사람
0:43 Loom
12:25 Feudal Age
16:37 Castle Age
14:20 Fishing Lines
14:57 Double-Bit Axe
15:29 Horse Collar
15:58 Gold Mining
19:03 Bow Saw
24:43 Wheelbarrow
24:55 Heavy Plow
25:43 Gillnets
25:56 Caravan
26:46 Stone Mining
27:32 Town Watch
28:04 Hand Cart
31:45 Imperial Age
29:41 Ballistics
29:32 Fletching
30:00 Padded Archer Armor
30:25 Bodkin Arrow
31:10 Gold Shaft Mining
30:43 Scale Mail Armor
30:53 Forging
31:43 Coinage
31:23 Pikeman
32:04 Squires
31:50 Arson
32:21 Chain Mail Armor
32:41 Iron Casting
32:22 Leather Archer Armor
32:31 Warwolf
32:49 Siege Engineers
32:26 Halberdier
33:34 Bracer
33:27 Onager
35:42 Chemistry
35:27 Plate Mail Armor
36:49 Blast Furnace
36:12 Leather Archer Armor
35:37 Elite Longbowman
37:38 Ring Archer Armor
40:58 Yeomen
40:59 Conscription
43:50 Capped Ram
Adams1491
11:20 Feudal Age
15:03 Castle Age
13:22 Double-Bit Axe
16:29 Wheelbarrow
16:07 Bow Saw
16:59 Fervor
16:54 Loom
19:38 Fishing Lines
20:22 Horse Collar
21:22 Loom
23:00 Gillnets
29:27 Imperial Age
27:13 Hand Cart
26:46 Town Watch
28:06 Chemistry
28:18 Scale Mail Armor
28:16 Pikeman
28:57 Squires
28:42 Arson
29:42 Chain Mail Armor
29:37 Forging
29:39 Houfnice
29:48 Halberdier
31:39 Iron Casting
32:08 Wagenburg Tactics
34:36 Siege Engineers
35:04 Fletching
35:50 Bodkin Arrow
36:45 Bracer
39:37 Plate Mail Armor
40:07 Blast Furnace
39:34 Caravan
40:43 Conscription
41:06 Elite Hussite Wagon
41:37 Elite Hussite Wagon
42:51 Padded Archer Armor
44:36 Leather Archer Armor
43:52 Elite Skirmisher
Politox
6:12 Loom
11:20 Feudal Age
15:05 Castle Age
13:33 Double-Bit Axe
15:03 Fishing Lines
16:22 Bow Saw
17:04 Horse Collar
18:17 Heavy Plow
18:27 Gillnets
21:54 Fervor
23:06 Stone Mining
23:07 Gold Mining
24:52 Wheelbarrow
28:46 Imperial Age
26:45 Hand Cart
26:56 Scale Barding Armor
27:02 Forging
27:05 Masonry
27:16 Ballistics
27:41 Coinage
27:11 Caravan
28:06 Gold Shaft Mining
28:08 Stone Shaft Mining
28:43 Chain Barding Armor
30:09 Two-Man Saw
29:49 Crop Rotation
28:42 Cavalier
29:40 Bloodlines
29:33 Husbandry
30:10 Plate Barding Armor
30:11 Iron Casting
31:12 Chemistry
30:43 Architecture
30:28 Guilds
30:48 Banking
30:15 Savar
31:34 Conscription
32:56 Blast Furnace
33:18 Fletching
33:47 Town Watch
34:01 Bodkin Arrow
34:37 Padded Archer Armor
35:15 Hoardings
42:07 Leather Archer Armor
42:11 Citadels
Joseph90
0:52 Loom
12:59 Feudal Age
13:52 Double-Bit Axe
17:07 Castle Age
15:50 Horse Collar
18:25 Bow Saw
20:32 Wheelbarrow
22:44 Stone Mining
23:31 Gold Mining
24:02 Fletching
24:43 Bodkin Arrow
31:12 Imperial Age
30:02 Ballistics
30:41 Scale Mail Armor
30:51 Forging
30:55 Masonry
32:58 Chemistry
31:56 Murder Holes
32:07 Bracer
33:32 Stone Shaft Mining
33:33 Gold Shaft Mining
33:28 Conscription
32:31 Man-at-Arms
33:00 Capped Ram
35:23 Eupseong
36:42 Long Swordsman
36:42 Pikeman
36:47 Elite War Wagon
38:21 Chain Mail Armor
38:42 Iron Casting
37:57 Arrowslits
38:18 Siege Engineers
38:44 Architecture
40:55 Halberdier
42:25 Squires
43:10 Plate Mail Armor
44:15 Two-Handed Swordsman
44:41 Gambesons
47:10 Scale Barding Armor
47:46 Town Watch
48:30 Hand Cart
48:39 Champion
48:56 Champion
Kanon
0:43 Loom
11:45 Feudal Age
16:07 Castle Age
15:12 Double-Bit Axe
16:49 Wheelbarrow
26:29 Horse Collar
30:59 Gold Mining
36:04 Imperial Age
33:29 Pikeman
35:37 Fletching
37:20 Conscription
39:20 Chemistry
40:35 Elite Organ Gun
43:50 Arquebus
48:45 Stone Mining
49:59 Padded Archer Armor
49:54 Bodkin Arrow
51:27 Town Watch
51:57 Hand Cart
Connection lost

Rejoining the realm…

Still unreachable

The connection could not be restored.

Session expired

The server has moved on; the page needs a fresh start.